AoeStats
← StaLker

Arena

508276846Analyzed
3v3 RM · 11d ago on Sep 21, 2026· 58m 43s· 6 players
Game mode
Random Map
Map size
Normal (6 player)
Population
200
Speed
Normal
Resources
Standard
Victory
Conquest
Starting age
Dark Age
Ending age
Imperial Age
RankedLock teamsTeams togetherTeam positionsShared explorationLock speedFull tech treeHidden civsTurbo modeCheats
Victory
Defeat
🇳🇱 Byzantines · Netherlands
894
+13
🇳🇱 Franks · Netherlands
793
+17
🇳🇱 Romans · Netherlands
775
+18
🇺🇸 Goths · United States
944
-22
🇹🇷 Khmer · Türkiye
781
-14
🇹🇷 Romans · Türkiye
718
-12
ArmoniACx
11:17 Feudal Age
12:11 Double-Bit Axe
20:07 Castle Age
18:18 Horse Collar
20:30 Gold Mining
24:24 Stone Mining
26:40 Fletching
26:51 Padded Archer Armor
28:12 Fortified Wall
27:54 Pikeman
30:26 Scale Mail Armor
30:41 Forging
32:28 Heavy Plow
35:15 Gold Shaft Mining
35:09 Scale Mail Armor
41:57 Masonry
42:18 Bodkin Arrow
53:01 Imperial Age
53:50 Onager
55:26 Conscription
KaraDatkan
13:43 Feudal Age
18:44 Castle Age
17:39 Stone Mining
17:34 Horse Collar
17:52 Double-Bit Axe
StaLker
9:44 Feudal Age
10:45 Double-Bit Axe
17:25 Castle Age
15:45 Horse Collar
16:00 Stone Mining
23:05 Scale Barding Armor
Karma Chameleon
10:37 Feudal Age
10:54 Loom
17:04 Castle Age
29:22 Horse Collar
29:25 Pikeman
30:37 Squires
37:19 Imperial Age
35:25 Wheelbarrow
34:35 Town Watch
39:26 Halberdier
40:19 Forging
40:11 Scale Mail Armor
40:16 Scale Barding Armor
40:37 Conscription
40:51 Comitatenses
41:50 Iron Casting
43:09 Hand Cart
42:58 Heavy Plow
42:49 Gold Mining
42:48 Double-Bit Axe
45:21 Capped Ram
48:31 Onager
50:30 Blast Furnace
49:46 Chain Mail Armor
49:51 Chain Barding Armor
50:00 Town Patrol
49:53 Stone Mining
52:15 Crop Rotation
52:24 Gold Shaft Mining
52:02 Bow Saw
Oh My Lord
12:23 Feudal Age
17:43 Castle Age
19:51 Loom
20:43 Double-Bit Axe
20:41 Horse Collar
22:05 Wheelbarrow
22:52 Scale Barding Armor
23:13 Forging
23:37 Gold Mining
23:42 Stone Mining
28:34 Pikeman
29:17 Squires
29:45 Hand Cart
32:25 Imperial Age
32:06 Bow Saw
33:04 Gold Shaft Mining
33:16 Chain Barding Armor
33:32 Iron Casting
34:04 Halberdier
39:55 Plate Barding Armor
39:20 Scale Mail Armor
39:23 Cavalier
48:21 Husbandry
48:03 Paladin
52:19 Elite Cataphract
59:08 Stone Shaft Mining
Djana
11:20 Feudal Age
9:37 Loom
15:45 Castle Age
18:03 Gold Mining
25:36 Double-Bit Axe
26:30 Gold Shaft Mining
25:46 Stone Mining
29:55 Pikeman
30:35 Squires
30:21 Arson
31:05 Bow Saw
31:30 Coinage
31:02 Caravan
30:31 Light Cavalry
32:02 Scale Mail Armor
32:14 Forging
37:10 Man-at-Arms
37:35 Gambesons
39:03 Long Swordsman
41:06 Chain Mail Armor
Connection lost

Rejoining the realm…

Still unreachable

The connection could not be restored.

Session expired

The server has moved on; the page needs a fresh start.